 Dungeon Crawl Stone Soup version 0.17-b1-15-g0f5fb43 (webtiles) character file.

363 Hanyuu the Insei (level 6, 0/38 HPs)
             Began as an Octopode Transmuter on Nov 4, 2015.
             Was an Initiate of Sif Muna.
             Slain by an iguana (6 damage)
             ... on level 4 of the Dungeon.
             The game lasted 00:08:12 (3831 turns).

Hanyuu the Insei (Octopode Transmuter)              Turns: 3831, Time: 00:08:12

Health: 0/38       AC:  1    Str:  9    XL:     6   Next: 67%
Magic:  1/9        EV: 12    Int: 17    God:    Sif Muna [......]
Gold:   135        SH:  0    Dex: 13    Spells: 3 memorised, 3 levels left

rFire  . . .     SeeInvis .       - Unarmed
rCold  + . .     Clarity  .     (no shield)
rNeg   . . .     SustAt   .     (helmet restricted)
rPois  .         Gourm    .     (no amulet)
rElec  .         Spirit   .     v - ring of protection from cold
rCorr  .         Warding  .     (no ring)
rMut   .         Stasis   .     (no ring)
MR     .....                    (no ring)
Stlth  ++........               (no ring)
                                (no ring)
                                (no ring)
                                (no ring)

@: appendage, very slightly contaminated, not resistant to hostile enchantments,
unstealthy
A: almost no armour, amphibious, 8 rings, constrict 8, tentacle spike 3,
camouflage 1, gelatinous body 1
a: End Transformation, Renounce Religion


You were on level 4 of the Dungeon.
You worshipped Sif Muna.
Sif Muna was noncommittal.
You were not hungry.
One of your tentacles had a temporary spike.
You visited 1 branch of the dungeon, and saw 4 of its levels.

You collected 135 gold pieces.

Inventory:

Missiles
 a - 53 arrows
 i - 8 poisoned needles
 o - a throwing net (quivered)
Jewellery
 f - an uncursed ring of ice
 v - a ring of protection from cold (left tentacle)
Scrolls
 e - 7 scrolls of remove curse
 h - a scroll of identify
 l - 3 scrolls of immolation
 n - a scroll of amnesia
 p - a scroll of enchant weapon {unknown}
 q - a scroll of fog {unknown}
 t - a scroll of magic mapping {unknown}
 w - a scroll of recharging {unknown}
Potions
 g - a potion of degeneration
 j - a potion of lignification
 k - a potion of curing
 m - a potion of poison
 u - a potion of invisibility {unknown}
 x - a potion of cure mutation {unknown}
Books
 b - a book of Changes

   Spells                             Type                      Level
   a - Beastly Appendage              Transmutation                1
   b - Sticks to Snakes               Transmutation                2
   c - Spider Form                    Transmutation/Poison         3
   d - Ice Form                       Ice/Transmutation            4
   e - Blade Hands                    Transmutation                5
Comestibles
 c - a bread ration
 d - 3 meat rations
 r - 5 chunks of flesh


   Skills:
 + Level 1.3 Fighting
 - Level 2.0 Dodging
 + Level 5.9 Unarmed Combat
 - Level 2.0 Spellcasting
 + Level 4.2 Transmutations
 - Level 1.0 Poison Magic


You had 3 spell levels left.
You knew the following spells:

 Your Spells              Type           Power        Failure   Level  Hunger
a - Beastly Appendage     Trmt           ###...       3%          1    #......
b - Sticks to Snakes      Trmt           ###.......   6%          2    ###....
c - Spider Form           Trmt/Pois      ##........   21%         3    ###....


Dungeon Overview and Level Annotations

Branches:
Dungeon (4/15)
 Temple: D:4-7

Altars:
Cheibriados
Nemelex Xobeh
Sif Muna
Xom
Yredelemnul


Innate Abilities, Weirdness & Mutations

You cannot wear most types of armour.
You are amphibious.
You can wear up to eight rings at the same time.
You can use your tentacles to constrict eight enemies at once.
Your skin changes colour to match your surroundings (Stealth).
Your rubbery body absorbs attacks (AC +1).
One of your tentacles bears a large vicious spike.


Message History

You release your grip on the iguana.
There is an open door here.
Casting: Spider Form
Confirm with . or Enter, or press ? or * to list all spells.
You don't have enough magic to cast that spell.
Casting: Spider Form
Confirm with . or Enter, or press ? or * to list all spells.
One of your tentacles grows a vicious spike.
The iguana bites you.
You tentacle-slap the iguana but do no damage.
You grab the iguana.
Your tentacle spike misses the iguana.
The iguana is moderately wounded.
You constrict the iguana, but do no damage.
The iguana bites you!
* * * LOW HITPOINT WARNING * * *
You tentacle-slap the iguana.
You pierce the iguana.
The iguana is heavily wounded.
You constrict the iguana, but do no damage.
The iguana bites you.
You die...

........> #...## ##.#....####
......... #...##.#..........
........# #...##....#.....###
........###...#..............
.......<..+...+..............
........###...#..# #......?.
..##..........#..####..#..###
#..........#..#.....#..#
...........)...@la.........
............###..#..........
......#+##### #..#####.#.###
##.##. #..# .#.# .. .. #..#
.#.. ## .... .. .. ##..## #
.... #...


You could see an iguana and a worker ant.

Vanquished Creatures
  Grinder (D:3)
  Crazy Yiuf (D:3)
  A worker ant (D:3)
  A hound skeleton (D:4)
  An adder (D:2)
  4 gnolls (D:2)
  An ooze (D:1)
  A worm (D:2)
  A giant gecko (D:3)
  6 hobgoblins
  3 quokkas
  2 ball pythons (D:2)
  4 bats
  4 giant cockroaches
  7 giant newts
  4 goblins
  3 kobolds
  5 rats
50 creatures vanquished.

Vanquished Creatures (collateral kills)
  An adder (D:4)
1 creature vanquished.

Grand Total: 51 creatures vanquished

Notes
Turn   | Place    | Note
--------------------------------------------------------------
     0 | D:1      | Hanyuu the Octopode Transmuter began the quest for the Orb.
     0 | D:1      | Reached XP level 1. HP: 13/13 MP: 3/3
   264 | D:1      | Reached XP level 2. HP: 18/18 MP: 5/5
   839 | D:2      | Found a basalt altar of Yredelemnul.
   916 | D:2      | Reached skill level 4 in Unarmed Combat
   916 | D:2      | Reached XP level 3. HP: 7/23 MP: 4/6
   958 | D:1      | HP: 1/23 [hobgoblin (4)]
  1518 | D:2      | Learned a level 2 spell: Sticks to Snakes
  1522 | D:2      | Learned a level 3 spell: Spider Form
  1540 | D:2      | Found a shimmering altar of Xom.
  1744 | D:2      | Reached skill level 1 in Poison Magic
  1748 | D:2      | Reached XP level 4. HP: 20/28 MP: 3/7
  2110 | D:2      | Found a deep blue altar of Sif Muna.
  2178 | D:2      | Found a snail-covered altar of Cheibriados.
  2186 | D:2      | Became a worshipper of Sif Muna the Loreminder
  2686 | D:3      | Found a sparkling altar of Nemelex Xobeh.
  2982 | D:3      | Noticed Grinder
  3050 | D:3      | Reached skill level 5 in Unarmed Combat
  3050 | D:3      | Reached XP level 5. HP: 10/33 MP: 3/8
  3431 | D:3      | Paralysed by Grinder for 2 turns
  3442 | D:3      | Killed Grinder
  3442 | D:3      | Reached XP level 6. HP: 32/38 MP: 6/9
  3714 | D:3      | Noticed Crazy Yiuf
  3721 | D:3      | Killed Crazy Yiuf
  3831 | D:4      | Slain by an iguana

Action                   |  1- 3 |  4- 6 || total
-------------------------+-------+-------++-------
Melee: Unarmed           |    51 |    83 ||   134
 Cast: Beastly Appendage |     5 |     4 ||     9
       Sticks to Snakes  |     2 |     6 ||     8
       Spider Form       |     1 |     3 ||     4
  Use: Scroll            |     4 |     5 ||     9
       Potion            |       |     1 ||     1
 Stab: Sleeping          |     3 |     8 ||    11
       Distracted        |     1 |     1 ||     2
  Eat: Chunk             |     2 |     7 ||     9
       Beef jerky        |       |     1 ||     1
